 Dungeon Crawl Stone Soup version 0.19.5 (webtiles) character file.

37 BugsBunnySan the Ducker (level 3, 0/17 HPs)
             Began as a Felid Berserker on Apr 29, 2017.
             Was a Believer of Trog.
             Slain by an adder (4 damage)
             ... on level 2 of the Dungeon.
             The game lasted 00:02:01 (1759 turns).

BugsBunnySan the Ducker (Felid Berserker)           Turns: 1759, Time: 00:02:01

Health: 0/17       AC:  1    Str: 13    XL:     3   Next: 21%
Magic:  4/4        EV: 20    Int:  8    God:    Trog [**....]
Gold:   101        SH:  0    Dex: 16    Spells: 0 memorised, 2 levels left
                                        Lives:  0   Deaths: 0

rFire  . . .     SeeInvis +       - Unarmed
rCold  . . .     Gourm    .     (armour unavailable)
rNeg   . . .     Faith    .     (shield unavailable)
rPois  .         Spirit   .     (helmet unavailable)
rElec  .         Reflect  .     (cloak unavailable)
rCorr  .         Harm     .     (gloves unavailable)
MR     .....                    (boots unavailable)
Stlth  ++........               (no amulet)
                                (no ring)
                                (no ring)

@: lethally poisoned (0 -> -6), quick
A: no armour, no weapons or thrown items, stealth, claws 1, fangs 3, see
invisible, carnivore 3, speed 1, shaggy fur 1, slow metabolism 1, sharp paws
a: Berserk, Trog's Hand, Burn Spellbooks, Renounce Religion


You were on level 2 of the Dungeon.
You worshipped Trog.
Trog was pleased with you.
You were completely stuffed.

You visited 1 branch of the dungeon, and saw 2 of its levels.

You collected 101 gold pieces.

Inventory:

Jewellery
 j - an uncursed amulet of rage {unknown}
Scrolls
 c - a scroll of teleportation {unknown}
 d - a scroll of immolation {unknown}
 f - a scroll of remove curse {unknown}
 g - a scroll of magic mapping {unknown}
 h - 4 scrolls of identify {unknown}
 i - a scroll of blinking {unknown}
 k - a scroll of fear {unknown}
Potions
 b - 2 potions of curing {unknown}
 e - a potion of invisibility {unknown}
 l - a potion of haste {unknown}
Comestibles
 a - a meat ration
 m - 7 chunks of flesh


   Skills:
 + Level 3.2 Fighting
 + Level 4.6 Dodging
 + Level 1.1 Stealth
 + Level 3.6 Unarmed Combat


You had 2 spell levels left.
You didn't know any spells.

Dungeon Overview and Level Annotations

Branches:
Dungeon (2/15)

Altars:
The Shining One


Innate Abilities, Weirdness & Mutations

You cannot wear armour.
You are incapable of wielding weapons or throwing items.
Your paws allow you to move quietly. (Stealth)
You have sharp claws.
You have razor-sharp teeth.
You have supernaturally acute eyesight. (SInv)
You are carnivorous and can eat meat at any time.
You cover ground quickly.
You are covered in fur. (AC +1)
You have a slow metabolism.
Your sharp claws are effective at attacking unaware monsters.


Message History

The adder completely misses you.
You closely miss the adder.
The adder is almost dead.
The adder bites you.
You closely miss the adder.
The adder is almost dead.
You feel sick. The adder completely misses you.
You miss the adder. You bite the adder.
The adder is almost dead.
The adder misses you.
You barely miss the adder.
The adder is almost dead.
The adder bites you. x2
* * * LOW HITPOINT WARNING * * *
You miss the adder.
The adder is almost dead.
Your skin stops crawling.
You feel less resistant to hostile enchantments.
The adder bites you.
You die...

### #.# #.#
#.. ..# #.#
#.# #.# #.#
#S# #.# #@#
#.# #.# #.#
#.# #.# #.#
###.########
#.#
#...........
#.#
#.#.........
#######.#
#.####......
#.......#
#.# #......
#.......###
#.####......


You could see an adder.

Vanquished Creatures
  2 dart slugs (D:1)
  A ball python (D:1)
  2 goblins (D:1)
  7 hobgoblins
  2 jackals (D:1)
  5 kobolds
  5 bats
  2 frilled lizards
  4 rats
30 creatures vanquished.

Vanquished Creatures (others)
  4 toadstools (D:1)
4 creatures vanquished.

Grand Total: 34 creatures vanquished

Notes
Turn   | Place    | Note
-------+----------+-------------------------------------------
     0 | D:1      | BugsBunnySan the Felid Berserker began the quest for the Orb.
     0 | D:1      | Reached XP level 1. HP: 10/10 MP: 2/2
   301 | D:1      | Reached XP level 2. HP: 8/14 MP: 3/3
  1161 | D:1      | Found a glowing golden altar of the Shining One.
  1167 | D:1      | Reached ** piety under Trog
  1253 | D:2      | Reached XP level 3. HP: 17/17 MP: 4/4
  1647 | D:2      | Reached skill level 1 in Stealth
  1759 | D:2      | Slain by an adder

Skill      XL: |  1  2  3 |
---------------+----------+-----
Stealth        | 1 |  1.1
Fighting       | |  3.2
Dodging        | |  4.6
Unarmed Combat | |  3.6

Action                   || total
-------------------------++-------
Melee: Unarmed           ||    90
       Bite              ||     6
Invok: Trog's Hand       ||     1
 Stab: Sleeping          ||     3
  Eat: Chunk             ||     9
Armor: Skin              ||     4
Dodge: Dodged            ||    66
